 Dungeon Crawl Stone Soup version 0.21.1-1-g345015fe64 (webtiles) character file.

14761 Jerry the Cleaver (level 12, -4/97 (99) HPs)
             Began as a Formicid Fighter on Feb 19, 2018.
             Was an Initiate of Gozag.
             Slain by Snorg (12 damage)
             ... on level 3 of the Lair of Beasts.
             The game lasted 00:30:17 (13737 turns).

Jerry the Cleaver (Formicid Fighter)               Turns: 13737, Time: 00:30:18

HP:   -4/97 (99)    AC: 20    Str: 22    XL:     12   Next: 49%
MP:   12/12         EV: 11    Int: 16    God:    Gozag
Gold: 1308          SH: 12    Dex: 14    Spells: 11/11 levels left

rFire    . . .     SeeInvis +   t - +1 war axe (flame)
rCold    + + .     Gourm    .   c - +0 shield
rNeg     . . .     Faith    .   F - +6 chain mail "Irahem" {rC+ Dex+4 SInv}
rPois    .         Spirit   .   (helmet unavailable)
rElec    .         Reflect  .   (no cloak)
rCorr    .         Harm     .   C - +1 pair of gloves
MR       +....                  (no boots)
Stlth    ..........             (no amulet)
HPRegen  0.26/turn              H - ring "Moupomix" {EV+3 Int+4}
MPRegen  0.13/turn              K - ring of protection from cold

@: no status effects
A: permanent stasis, dig shafts and tunnels, four strong arms, antennae 3
a: Dig, Shaft Self, Potion Petition, Call Merchant, Bribe Branch, Renounce
Religion


You were on level 3 of the Lair of Beasts.
You worshipped Gozag.
Gozag was most pleased with you.
You were hungry.

You visited 3 branches of the dungeon, and saw 13 of its levels.

You collected 1414 gold pieces.
You paid 106 gold pieces to Gozag.

Inventory:

Hand Weapons
 d - a +6 antimagic quarterstaff
 t - a +1 war axe of flaming (weapon)
Armour
 c - a +0 shield (worn)
 C - a +1 pair of gloves (worn)
 F - the +6 chain mail "Irahem" (worn) {rC+ Dex+4 SInv}
   (You found it on level 1 of the Lair of Beasts)

   It affects your dexterity (+4).
   It protects you from cold.
   It lets you see invisible.
Jewellery
 h - an uncursed ring of ice
 n - an uncursed ring of resist corrosion
 G - an uncursed ring of wizardry
 H - the ring "Moupomix" (left hand) {EV+3 Int+4}
   (You found it on level 7 of the Dungeon)

   [ring of evasion]

   It affects your evasion (+3).
   It affects your intelligence (+4).
 J - an uncursed ring of fire
 K - a ring of protection from cold (right hand)
Wands
 a - a wand of iceblast (16)
 s - a wand of scattershot (4)
 v - a wand of enslavement (21)
 y - a wand of polymorph (7)
 A - a wand of disintegration (47)
Scrolls
 i - a scroll of amnesia
 k - a scroll of fear
 l - a scroll of vulnerability {unknown}
 o - 7 scrolls of remove curse
 q - 4 scrolls of identify
 x - a scroll of immolation
 I - a scroll of magic mapping {unknown}
Potions
 e - 3 potions of ambrosia
 g - a potion of resistance
 m - a potion of flight
 p - 4 potions of heal wounds {unknown}
 r - a potion of agility {unknown}
 u - a potion of cancellation {unknown}
 z - 2 potions of brilliance {unknown}
 B - 2 potions of degeneration {unknown}
 E - 3 potions of curing {unknown}
 L - 2 potions of mutation {unknown}
Books
 b - a book of Changes

   Spells                             Type                      Level
   a - Beastly Appendage              Transmutation                1
   b - Sticks to Snakes               Transmutation                2
   c - Spider Form                    Transmutation/Poison         3
   d - Ice Form                       Ice/Transmutation            4
   e - Blade Hands                    Transmutation                5
 j - a book of Maledictions

   Spells                             Type                      Level
   a - Corona                         Hexes                        1
   b - Ensorcelled Hibernation        Hexes/Ice                    2
   c - Confuse                        Hexes                        3
   d - Tukima's Dance                 Hexes                        3
   e - Dazzling Spray                 Conjuration/Hexes            3
 w - a Young Poisoner's Handbook

   Spells                             Type                      Level
   a - Sting                          Conjuration/Poison           1
   b - Poisonous Vapours              Poison/Air                   2
   c - Mephitic Cloud                 Conjuration/Poison/Air       3
   d - Olgreb's Toxic Radiance        Poison                       4
   e - Venom Bolt                     Conjuration/Poison           5
 D - a book of Battle

   Spells                             Type                      Level
   a - Infusion                       Charms                       1
   b - Shroud of Golubria             Charms/Translocation         2
   c - Song of Slaying                Charms                       2
   d - Spectral Weapon                Hexes/Charms                 3
   e - Regeneration                   Charms/Necromancy            3
Comestibles
 f - 15 rations


   Skills:
 + Level 10.7 Fighting
 * Level 12.2 Axes
 + Level 10.7 Armour
 - Level 9.8 Shields


You had 11 spell levels left.
You didn't know any spells.

Dungeon Overview and Level Annotations

Branches:
Dungeon (9/15)             Temple (1/1) D:7            Lair (3/6) D:9
  Swamp: Lair:2-4    Shoals: Lair:2-4     Snake: Lair:2-4    Spider: Lair:2-4
    Orc: D:9-12

Altars:
Ashenzari
Cheibriados
Dithmenos
Elyvilon
Fedhas
Gozag
Hepliaklqana
Kikubaaqudgha
Makhleb
Nemelex Xobeh
Okawaru
Qazlal
Ru
Sif Muna
Trog
Uskayaw
Vehumet
Wu Jian
Xom
Yredelemnul
Zin
The Shining One

Shops:
D:9 :

Annotations:
Lair:3 Snorg


Innate Abilities, Weirdness & Mutations

You cannot be hasted, slowed, berserked, paralysed or teleported.
You can dig through walls and to a lower floor.
Your four strong arms can wield two-handed weapons with a shield.
You have a pair of large antennae on your head. (SInv)


Message History

You block Snorg's attack. Snorg claws you. x2
Your chain mail "Irahem" prevents you from hitting Snorg.
Snorg is severely wounded.
Snorg bites you!
* * * LOW HITPOINT WARNING * * *
Snorg closely misses you. Snorg claws you but does no damage.
You hit Snorg. You burn Snorg.
Snorg is severely wounded.
Snorg bites you but does no damage. You block Snorg's attack.
Snorg claws you but does no damage. Snorg bites you!
* * * LOW HITPOINT WARNING * * *
Snorg claws you.
* * * LOW HITPOINT WARNING * * *
Snorg completely misses you.
Okay, then.
You barely miss Snorg.
Snorg is severely wounded.
Snorg bites you!
You die...
Your body crumbles into a pile of gold.

### ######### #.# ## ###
#.##P.#.###.######.###..#
......................... ..#
....#..P#####........... ....
#....#.### #........#.##...#
#...##.#.####.......##.P....#
....###...##.....T.##.......#
+....##...P#....@..#.........
#.....+....#.......#........#
.....#....###........<......#
#....##.P## #......#.P.#.....
#....##+.####........#.# ..#
......................... .
..............>............
............................
............................


You could see Snorg (berserk).

Vanquished Creatures
  Gastronok (Lair:3)
  A hydra (Lair:3)
  A two-headed ogre (D:8)
  The ghost of Noxor the Covert, a novice VSEn of Hepliaklqana (D:8)
  Pikel (D:8)
  Joseph (D:8)
  5 spiny frogs
  A komodo dragon (Lair:2)
  The ghost of gmrwt the Cudgeler, a novice GrFi (D:4)
  A polar bear (Lair:2)
  Grinder (D:5)
  2 hornets (D:8)
  6 blink frogs (Lair:1)
  4 hippogriffs
  A wyvern (D:6)
  6 yaks (D:9)
  4 water moccasins
  6 porcupines
  An ice beast (D:6)
  4 orc warriors
  2 necrophages (D:6)
  A phantom (D:9)
  4 ogres
  4 centaurs
  6 crocodiles
  Blork the orc (D:5)
  9 bullfrogs
  2 scorpions
  3 killer bees (D:7)
  3 wights (D:7)
  5 crimson imps
  5 hounds
  7 orc wizards
  5 orc priests
  2 jellies (D:4)
  8 worker ants
  2 hound skeletons (D:4)
  A worker ant zombie (D:9)
  3 gnolls (D:8)
  A howler monkey skeleton (D:9)
  5 adders
  A shadow imp (D:6)
  A worm (D:2)
  A dart slug (D:3)
  4 leopard geckos
  23 orcs
  A ball python (D:1)
  7 bats
  3 giant cockroaches
  6 goblins
  5 hobgoblins
  3 iguanas
  3 jackals (D:1)
  5 quokkas
  5 frilled lizards
  4 kobolds
  11 rats
  3 fungi
214 creatures vanquished.

Vanquished Creatures (others)
  3 slaves (D:8)
  A bullfrog (D:8)
  A quasit (D:8)
  A shadow imp (D:8)
  4 jackals (D:9)
  2 fungi
12 creatures vanquished.

Grand Total: 226 creatures vanquished

Notes
Turn   | Place    | Note
-------+----------+-------------------------------------------
     0 | D:1      | Jerry the Formicid Fighter began the quest for the Orb.
     0 | D:1      | Reached XP level 1. HP: 18/18 MP: 1/1
   265 | D:1      | Reached XP level 2. HP: 23/24 MP: 2/2
   593 | D:1      | Reached XP level 3. HP: 22/29 MP: 3/3
  1246 | D:2      | Reached XP level 4. HP: 15/37 MP: 4/4
  1742 | D:3      | Reached XP level 5. HP: 17/42 MP: 5/5
  2247 | D:3      | Reached skill level 3 in Axes
  2816 | D:4      | Reached XP level 6. HP: 17/49 MP: 6/6
  3117 | D:4      | Reached skill level 5 in Shields
  3319 | D:4      | Found a shimmering altar of Xom.
  3369 | D:4      | Noticed gmrwt's ghost (novice GrFi)
  3376 | D:4      | Killed gmrwt's ghost
  3376 | D:4      | Reached skill level 5 in Fighting
  3376 | D:4      | Reached skill level 4 in Axes
  3376 | D:4      | Reached skill level 5 in Armour
  3376 | D:4      | Reached XP level 7. HP: 53/56 MP: 7/7
  3478 | D:4      | Found a radiant altar of Vehumet.
  3479 | D:4      | Found a burning altar of Makhleb.
  3872 | D:4      | Reached XP level 8. HP: 47/64 MP: 8/8
  4214 | D:5      | Entered Level 5 of the Dungeon
  4214 | D:5      | Noticed Grinder
  4227 | D:5      | Killed Grinder
  4560 | D:5      | Reached skill level 5 in Axes
  4591 | D:5      | Noticed Blork the orc
  4608 | D:5      | Killed Blork the orc
  4742 | D:5      | Found a bloodstained altar of Trog.
  5069 | D:5      | Found a sacrificial altar of Ru.
  5069 | D:5      | Found a hazy altar of Hepliaklqana.
  5070 | D:5      | Found an iron altar of Okawaru.
  5177 | D:6      | Reached XP level 9. HP: 56/70 MP: 9/9
  5363 | D:6      | Reached skill level 6 in Axes
  5786 | D:7      | Found a shadowy altar of Dithmenos.
  5870 | D:7      | Found a staircase to the Ecumenical Temple.
  5878 | Temple   | Entered the Ecumenical Temple
  5893 | Temple   | Became a worshipper of Gozag Ym Sagoz the Greedy
  6281 | D:7      | Found an ornate altar of the Wu Jian Council.
  6579 | D:7      | Found an iron altar of Okawaru.
  6629 | D:7      | Got a glittering ivory ring
  6805 | D:8      | Noticed Joseph
  6813 | D:7      | Reached skill level 7 in Axes
  7886 | D:8      | Noticed a hippogriff
  7908 | D:7      | Killed a hippogriff
  7908 | D:7      | Reached XP level 10. HP: 39/77 MP: 10/10
  7922 | D:7      | Identified the ring "Moupomix" {EV+3 Int+4} (You found it on level 7 of the Dungeon)
  8173 | D:8      | Reached skill level 8 in Axes
  8217 | D:8      | Found a shimmering altar of Xom.
  8218 | D:8      | Noticed an angel
  8330 | D:8      | Noticed Pikel
  8344 | D:8      | Killed Pikel
  8780 | D:8      | Noticed a two-headed ogre
  8791 | D:8      | Killed a two-headed ogre
  8791 | D:8      | Reached skill level 9 in Axes
  8811 | D:8      | Noticed Noxor's ghost (novice VSEn)
  8831 | D:8      | Killed Noxor's ghost
  9358 | D:8      | Killed Joseph
  9358 | D:8      | Reached XP level 11. HP: 66/85 MP: 4/11
  9432 | D:8      | Found a glowing silver altar of Zin.
  9805 | D:9      | Found a sparkling altar of Nemelex Xobeh.
  9891 | D:9      | Found a staircase to the Lair.
  9900 | D:9      | Found Ingemif's Book Shoppe.
 10212 | D:9      | Reached skill level 10 in Axes
 10782 | Lair:1   | Entered Level 1 of the Lair of Beasts
 10996 | Lair:1   | Got a pitted chain mail
 10998 | Lair:1   | Identified the +6 chain mail "Irahem" {rC+ Dex+4 SInv} (You found it on level 1 of the Lair of Beasts)
 12270 | Lair:2   | Reached skill level 11 in Axes
 12636 | Lair:2   | Reached skill level 10 in Armour
 12649 | Lair:2   | Reached skill level 10 in Fighting
 12659 | Lair:2   | Reached XP level 12. HP: 94/95 MP: 12/12
 13197 | Lair:3   | Noticed Gastronok
 13217 | Lair:3   | Killed Gastronok
 13492 | Lair:3   | Reached skill level 12 in Axes
 13517 | Lair:3   | Noticed a seven-headed hydra
 13519 | Lair:3   | Noticed Snorg
 13528 | Lair:3   | Killed a two-headed hydra
 13737 | Lair:3   | Slain by Snorg

Skill      XL: |  1  2  3  4  5  6  7  8  9 10 11 12 |
---------------+-------------------------------------+-----
Shields        | 4 5 6 7 8 9 |  9.8
Fighting       | 4 5 6 7 8 10 | 10.7
Armour         | 4 5 6 7 8 10 | 10.7
Axes           | 3 4 5 7 9 11 12 | 12.2

Action                   |  1- 3 |  4- 6 |  7- 9 | 10-12 || total
-------------------------+-------+-------+-------+-------++-------
Melee: War axe           |   102 |   102 |   243 |   319 ||   766
       Hand axe          |       |       |    27 |       ||    27
       Quarterstaff      |       |       |       |   167 ||   167
  Use: Potion            |       |     1 |       |     4 ||     5
       Scroll            |       |       |     1 |    16 ||    17
  Eat: Chunk             |     1 |     7 |     9 |       ||    17
       Ration            |       |       |     2 |     5 ||     7
Armor: Scale mail        |    51 |    29 |    81 |    72 ||   233
       Skin              |       |       |       |    19 ||    19
       Chain mail        |       |       |       |    80 ||    80
Dodge: Dodged            |    33 |    30 |    90 |   169 ||   322
Block: Shield            |    60 |    43 |   159 |   259 ||   521
